 Dungeon Crawl Stone Soup version 0.28.0-53-g5a82cb258f (webtiles) character file.

Game seed: 9317617067116996072

356 Peloso the Slasher (level 6, -4/53 HPs)
             Began as a Minotaur Fighter on June 7, 2022.
             Slain by a steam dragon (6 damage)
             ... on level 5 of the Dungeon.
             The game lasted 00:04:36 (4107 turns).

Peloso the Slasher (Minotaur Fighter)               Turns: 4107, Time: 00:04:36

Health: -4/53      AC:  9    Str: 21    XL:     6   Next: 36%
Magic:  1/5        EV:  9    Int:  5    God:
Gold:   167        SH:  4    Dex: 11    Spells: 5/5 levels left

rFire   . . .      SeeInvis .   a - +0 long sword
rCold   . . .      Faith    .   c - +0 buckler
rNeg    . . .      Spirit   .   b - +0 scale mail
rPois   .          Reflect  .   (helmet restricted)
rElec   .          Harm     .   (no cloak)
rCorr   .          Rampage  .   e - +1 pair of gloves {infuse}
Will    .....                   (no boots)
Stlth   ..........              (no amulet)
HPRegen 0.17/turn               (no ring)
MPRegen 0.09/turn               (no ring)

@: no status effects
A: horns 2, retaliatory headbutt
a: no special abilities


You were on level 5 of the Dungeon.
You visited 1 branch of the dungeon, and saw 5 of its levels.

You collected 167 gold pieces.

Inventory:

Hand Weapons
 a - a +0 long sword (weapon)
Missiles
 t - a throwing net (quivered)
Armour
 b - a +0 scale mail (worn)
 c - a +0 buckler (worn)
 e - a +1 pair of gloves of infusion (worn)
Scrolls
 f - 2 scrolls of teleportation {unknown}
 i - a scroll of amnesia {unknown}
 j - a scroll of silence {unknown}
 k - a scroll of brand weapon {unknown}
 l - 2 scrolls of magic mapping {unknown}
 m - a scroll of vulnerability {unknown}
 p - a scroll of noise {unknown}
 q - a scroll of summoning {unknown}
 s - a scroll of immolation {unknown}
 u - a scroll of fear {unknown}
 v - a scroll of torment {unknown}
 w - a scroll of blinking {unknown}
Potions
 d - 3 potions of might
 g - 2 potions of curing {unknown}
 h - a potion of attraction {unknown}
 n - 2 potions of brilliance {unknown}
 o - a potion of haste {unknown}
 r - a potion of flight {unknown}


   Skills:
 + Level 4.6 Fighting
 + Level 5.9 Long Blades
 + Level 5.2 Armour
 + Level 1.2 Dodging
 + Level 0.2 Stealth
 + Level 4.2 Shields


You had 5 spell levels left.
You didn't know any spells.
Your spell library contained the following spells:

 Spells                   Type           Power      Damage    Failure   Level
 Ensorcelled Hibernation  Hex/Ice        0%         N/A       95%         2
 Spider Form              Tmut/Pois      0%         N/A       99%         3
 Anguish                  Hex/Necr       0%         N/A       100%        4


Dungeon Overview and Level Annotations

Branches:
Dungeon (5/15)
 Temple: D:4-7

Altars:
Uskayaw

Shops:
D:1 [

Annotations:
D:4 Menkaure


Innate Abilities, Weirdness & Mutations

You have a pair of horns on your head.
You reflexively headbutt those who attack you in melee.


Message History

You hit the centaur skeleton but do no damage.
You headbutt the centaur skeleton!
The centaur skeleton is heavily damaged.
The centaur skeleton barely misses you. You furiously retaliate!
You headbutt the centaur skeleton. The centaur skeleton kicks you.
You slash the centaur skeleton!
The centaur skeleton is severely damaged.
The centaur skeleton hits you.
The centaur skeleton closely misses you.
The centaur skeleton hits you but does no damage.
The centaur skeleton barely misses you.
You hit the centaur skeleton but do no damage.
You headbutt the centaur skeleton!
You destroy the centaur skeleton!
A steam dragon comes into view.
The steam dragon hisses angrily.
The steam dragon breathes steam at you. The ball of steam hits you!
You see here 15 gold pieces.
Really walk into that cloud of steam?
Okay, then.
You closely miss the steam dragon.
The steam dragon bites you but does no damage.
The steam dragon claws you.
You hit the steam dragon.
The steam dragon is moderately wounded.
You are engulfed in a cloud of scalding steam.
* * * LOW HITPOINT WARNING * * *
The steam dragon bites you.
* * * LOW HITPOINT WARNING * * *
The steam dragon claws you but does no damage.
You hit the steam dragon but do no damage.
The steam dragon is moderately wounded.
The steam dragon bites you!
* * * LOW HITPOINT WARNING * * *
The steam dragon closely misses you.
You barely miss the steam dragon. Your headbutt misses the steam dragon.
The steam dragon is moderately wounded.
The steam dragon bites you.
You die...

# .... ....# .# .....
....# .#.#...... ....#
.#.#...$..######....##
.#............!......#
......................
......$####.....####.#
..####.####.###$####.###
................@.......
.........##.###D####.###
####...(.##.# #.#
+...<....##.# #.#
####.#......# #.#
.....######## #.# ######
#.. # #. #


You could see a steam dragon.

Vanquished Creatures
  An ogre (D:4)
  A centaur skeleton (D:5)
  2 hounds
  An iguana (D:5)
  A hound skeleton (D:4)
  Robin (D:4)
  A gnoll (D:1)
  4 adders
  2 ufetubi
  A worm (D:2)
  An orc (D:3)
  2 ball pythons (D:1)
  7 endoplasms
  4 giant cockroaches
  9 goblins
  6 hobgoblins
  4 jackals (D:2)
  7 kobolds
  7 quokkas
  6 bats
  6 frilled lizards
  A jackal skeleton (D:4)
  5 rats
80 creatures vanquished.

Notes
Turn   | Place    | Note
-------+----------+-------------------------------------------
     0 | D:1      | Peloso the Minotaur Fighter began the quest for the Orb.
     0 | D:1      | Reached XP level 1. HP: 19/19 MP: 0/0
    49 | D:1      | Reached XP level 2. HP: 12/27 MP: 1/1
   941 | D:1      | Found a faded altar of an unknown god.
   957 | D:1      | Reached XP level 3. HP: 33/33 MP: 0/2
  1002 | D:1      | Found Unil's Antique Armour Emporium.
  1019 | D:1      | You fall into a shaft and drop 1 floor!
  2288 | D:2      | Reached XP level 4. HP: 40/40 MP: 0/3
  2491 | D:3      | Found a hide-covered altar of Uskayaw.
  3533 | D:4      | Noticed Robin
  3544 | D:4      | Reached XP level 5. HP: 45/46 MP: 0/4
  3548 | D:4      | Killed Robin
  3634 | D:4      | Noticed an ogre
  3640 | D:4      | Killed an ogre
  3641 | D:4      | Reached skill level 5 in Long Blades
  3641 | D:4      | Reached skill level 5 in Armour
  3641 | D:4      | Reached skill level 1 in Dodging
  3832 | D:4      | Reached XP level 6. HP: 48/53 MP: 1/5
  3960 | D:4      | Noticed Menkaure
  3987 | D:5      | Entered Level 5 of the Dungeon
  4099 | D:5      | Noticed a steam dragon
  4106 | D:5      | HP: 2/53 [steam dragon (7)]
  4107 | D:5      | Slain by a steam dragon

Illustrated notes

Levels and vault maps discovered:
D:1:      erik_arrival_blinker_ship, layout_basic, serial_shops, shop,
          ebering_ecumenical_altar_ruins, skrybe_limestone_x
D:2:      layout_loops_corners
D:3:      wad_crossroads, layout_basic, eat_drink_and_be_merry_uskayaw
D:4:      layout_basic, tgw_kikubaaqudgha, serial_curves, eino_curves_04,
          eino_curves_02, uniq_menkaure, uniq_robin
D:5:      layout_basic, mainiacjoe_overflow_alcove_2,
          nicolae_ossuary_entry_giza, chequers_avenue

Skill      XL: |  1  2  3  4  5 |
---------------+----------------+-----
Armour         | 4 5 |  5.2
Fighting       | 4 |  4.6
Shields        | 4 |  4.2
Long Blades    | 3 4 5 |  5.9
Dodging        | 1 |  1.2
Stealth        | |  0.2

Action                   |  1- 3 |  4- 6 || total
-------------------------+-------+-------++-------
Melee: Long sword        |    77 |    74 ||   151
       Headbutt          |     8 |    13 ||    21
Armor: Scale mail        |    36 |    48 ||    84
Dodge: Dodged            |    36 |    45 ||    81
Block: Buckler           |    28 |    14 ||    42
